 Dungeon Crawl Stone Soup version 0.25-a0-992-gca090100c3 (webtiles) character file.

Game seed: 4222670582363243284, levelgen mode: deterministic

371 Lanoc the Changer (level 6, 0/30 HPs)
             Began as a Spriggan Transmuter on May 10, 2020.
             Was an Initiate of Ru.
             Slain by a centaur (3 damage)
             ... on level 5 of the Dungeon.
             The game lasted 00:09:08 (3607 turns).

Lanoc the Changer (Spriggan Transmuter)             Turns: 3607, Time: 00:09:09

Health: 0/30       AC:  7    Str:  3 (6)  XL:     6   Next: 42%
Magic:  12/12      EV: 18    Int: 16 (17) God:    Ru [......]
Gold:   84         SH:  0    Dex: 15 (16) Spells: 6/12 levels left

rFire    + . .     SeeInvis +     - Unarmed
rCold    . . .     Gourm    .   (shield restricted)
rNeg     . . .     Faith    .   o - +2 robe {rF+}
rPois    .         Spirit   .   (helmet restricted)
rElec    .         Reflect  .   i - +2 cloak
rCorr    .         Harm     .   (gloves unavailable)
MR       +....                  (boots unavailable)
Stlth    +.........             (no amulet)
HPRegen  0.10/turn              (no ring)
MPRegen  0.13/turn              (no ring)

@: brilliant, appendage (expiring), heavily drained, very quick
A: very small, unfitting armour, horns 2, see invisible, herbivore, speed 3,
slow metabolism 2
a: End Transformation, Renounce Religion


You were on level 5 of the Dungeon.
You worshipped Ru.
Ru was noncommittal.
You were not hungry.
You had grown temporary horns.
You visited 1 branch of the dungeon, and saw 5 of its levels.

You collected 84 gold pieces.

Inventory:

Missiles
 a - 60 arrows
 r - 8 poisoned darts (quivered)
Armour
 i - a +2 cloak (worn)
 o - a +2 robe of fire resistance (worn)
Scrolls
 c - a scroll of enchant weapon {unknown}
 e - 2 scrolls of remove curse {unknown}
 f - a scroll of fog {unknown}
 g - 4 scrolls of enchant armour {unknown}
 h - 3 scrolls of identify {unknown}
 j - a scroll of teleportation {unknown}
 n - a scroll of amnesia {unknown}
 p - a scroll of magic mapping {unknown}
 s - a scroll of blinking {unknown}
Potions
 l - 2 potions of invisibility
 m - a potion of heal wounds {unknown}
 q - a potion of curing
Comestibles
 d - 6 rations


   Skills:
 + Level 2.1(0.8) Fighting
 + Level 4.7(3.2) Dodging
 * Level 3.9(2.4) Unarmed Combat
 + Level 3.5(2.1) Spellcasting
 * Level 5.4(3.9) Transmutations


You had 6 spell levels left.
You knew the following spells:

 Your Spells              Type           Power        Failure   Level  Hunger
a - Beastly Appendage     Tmut           ###...       4%          1    None
b - Sticks to Snakes      Tmut           ###.....     6%          2    None
c - Spider Form           Tmut/Pois      ##........   26%         3    None

Your spell library contained the following spells:

 Spells                   Type           Power        Failure   Level  Hunger
 Ice Form                 Ice/Tmut       ##......     65%         4    None
 Blade Hands              Tmut           ###.......   75%         5    None


Dungeon Overview and Level Annotations

Branches:
Dungeon (6/15)
 Temple: D:4-7

Altars:
Dithmenos
Fedhas
Gozag
Ru
Trog


Innate Abilities, Weirdness & Mutations

You are very small and have problems with some larger weapons.
You are too small for most types of armour.
You have supernaturally acute eyesight. (SInv)
You are a herbivore.
You cover ground extremely quickly.
You need to consume almost no food.
You have a pair of horns on your head.


Message History

The centaur closely misses you.
Throwing (i - inventory)
r - 9 poisoned darts (quivered)
Press: ? - help, Shift-Dir - straight line, f/p - centaur
Aim: a centaur, quivering 11 arrows (heavily wounded, poisoned)
You throw a poisoned dart. The poisoned dart hits the centaur.
The centaur is heavily wounded.
The centaur hits you.
* * * LOW HITPOINT WARNING * * *
The centaur hits you but does no damage.
You hit the centaur but do no damage. Your headbutt misses the centaur.
The centaur is heavily wounded.
The centaur hits you but does no damage.
It was a potion of degeneration.
There was something very wrong with that liquid.
You feel weakened.
You feel dopey.
You feel clumsy. The centaur completely misses you. The centaur misses you.
It was a potion of brilliance.
You feel clever all of a sudden. The centaur hits you.
You die...

#.# .#.# #<# #.#
#.# #.# #.# #.#
#.# #.. #.# #.#
.## #(####[....
#..@.......
.........c......
########........
####...## ...#
.(# ##


You could see a centaur (poisoned).

Vanquished Creatures
  Sigmund (D:2)
  A hound (D:5)
  Jessica (D:2)
  An iguana (D:5)
  Natasha (D:2)
  Robin (D:2)
  3 adders
  2 worms (D:2)
  2 dart slugs
  7 bats
  3 giant cockroaches
  11 goblins
  5 hobgoblins
  4 jackals (D:1)
  A quokka (D:2)
  3 frilled lizards
  5 kobolds
  9 rats
61 creatures vanquished.

Notes
Turn   | Place    | Note
-------+----------+-------------------------------------------
     0 | D:1      | Lanoc the Spriggan Transmuter began the quest for the Orb.
     0 | D:1      | Reached XP level 1. HP: 9/9 MP: 5/5
    62 | D:1      | Reached skill level 3 in Transmutations
   336 | D:1      | Reached skill level 1 in Fighting
   367 | D:1      | Reached XP level 2. HP: 8/14 MP: 4/6
  1175 | D:1      | Learned a level 2 spell: Sticks to Snakes
  1189 | D:2      | Noticed Jessica
  1203 | D:2      | Killed Jessica
  1203 | D:2      | Reached XP level 3. HP: 3/18 MP: 8/8
  1678 | D:2      | Reached skill level 4 in Transmutations
  1739 | D:2      | Reached XP level 4. HP: 4/22 MP: 9/9
  1976 | D:2      | Noticed Sigmund
  2003 | D:2      | Killed Sigmund
  2003 | D:2      | Reached skill level 5 in Transmutations
  2003 | D:2      | Reached XP level 5. HP: 26/26 MP: 10/10
  2316 | D:2      | Found a sacrificial altar of Ru.
  2412 | D:2      | Became a worshipper of Ru the Awakened
  2475 | D:2      | Noticed Natasha
  2488 | D:2      | Killed Natasha
  2488 | D:2      | Reached XP level 6. HP: 15/30 MP: 10/12
  2636 | D:2      | Noticed Robin
  2646 | D:2      | Killed Robin
  2672 | D:2      | Learned a level 3 spell: Spider Form
  2822 | D:3      | Found a bloodstained altar of Trog.
  3049 | D:3      | Found a sacrificial altar of Ru.
  3157 | D:3      | You fall into a shaft and drop 3 floors!
  3207 | D:6      | Found an opulent altar of Gozag.
  3255 | D:6      | Found a blossoming altar of Fedhas.
  3275 | D:6      | Found a shadowy altar of Dithmenos.
  3311 | D:5      | Entered Level 5 of the Dungeon
  3607 | D:5      | Slain by a centaur

Illustrated notes

Levels and vault maps discovered:
D:1:      dpeg_arrival_round_c, layout_loops_ring
D:2:      layout_loops_cross, lemuel_coloured_pillars_altar, first_ration,
          uniq_robin, uniq_jessica, uniq_sigmund, uniq_natasha
D:3:      layout_loops_ring, lemuel_crystal_altar,
          chequers_ecumenical_altar_simple, nicolae_ru_sacrificial_ziggurat
D:5:      layout_loops_ring, marbit_many_paths, cheibriados_altar_1,
          nicolae_overflow_hidden_temple, minmay_temple_entry_proselytizer,
          uniq_grinder, uniq_blork_the_orc
D:6:      layout_basic, gammafunk_temple_overflow_forgotten,
          nicolae_gozag_cash_rules_everything_around_me

Skill      XL: |  1  2  3  4 |
---------------+-------------+-----
Transmutations | 3 4 5 |  5.4
Fighting       | 1 2 |  2.1
Unarmed Combat | 3 |  3.9
Dodging        | 4 |  4.7
Spellcasting   | 3 |  3.5

Action                   |  1- 3 |  4- 6 || total
-------------------------+-------+-------++-------
Melee: Unarmed           |   135 |   183 ||   318
       Headbutt          |    21 |    11 ||    32
       Kick              |     6 |    18 ||    24
       Punch             |     1 |     2 ||     3
Throw: Dart              |       |     7 ||     7
 Cast: Beastly Appendage |    19 |    17 ||    36
  Use: Potion            |       |     3 ||     3
 Stab: Sleeping          |     2 |     1 ||     3
  Eat: Ration            |       |     1 ||     1
Armor: Robe              |    30 |    30 ||    60
Dodge: Dodged            |   124 |   159 ||   283

Table legend:
 A = Non-vault XP
 B = Vault XP
 C = Vault XP percentage of total XP
 D = Non-vault monster count
 E = Vault monster count
 F = Vault count percentage of total count
                 A         B        C        D         E       F
            +---------+---------+-------+---------+---------+-------
      Total |     199 |     331 |  62.5 |      49 |      12 |  19.7
            +---------+---------+-------+---------+---------+-------
        D:1 |      40 |       0 |   0.0 |      23 |       0 |   0.0
        D:2 |      59 |     331 |  84.9 |      17 |      12 |  41.4
        D:3 |      20 |       0 |   0.0 |       6 |       0 |   0.0
        D:5 |      80 |       0 |   0.0 |       3 |       0 |   0.0
            +---------+---------+-------+---------+---------+-------
